 Dungeon Crawl Stone Soup version 0.31-a0-161-gb58dd9be76 (webtiles) character file.

Game seed: 4476069933703039123

298 qw the Skirmisher (level 6, -2/38 HPs)
             Began as a Gargoyle Hunter on June 12, 2023.
             Slain by a gnoll
             ... wielding a +0 club
              (4 damage)
             ... on level 3 of the Dungeon.
             The game lasted 00:00:43 (1507 turns).

qw the Skirmisher (Gargoyle Hunter)                 Turns: 1507, Time: 00:00:44

Health: -2/38      AC: 11    Str: 15    XL:     6   Next: 35%
Magic:  6/6        EV: 11    Int:  9    God:
Gold:   93         SH:  0    Dex: 15    Spells: 5/5 levels left

rFire   . . .        Y - +0 shortbow
rCold   . . .        (shield currently unavailable)
rNeg    + . .        a - +0 ring mail
rPois   inf          g - +1 helmet
rElec   +            (no cloak)
rCorr   .            (no gloves)
SInv    .            (no boots)
Will    .....        (no amulet)
Stlth   +            (no ring)
HPRegen 0.26/turn    (no ring)
MPRegen 0.10/turn

%: no passive effects
@: no status effects
A: sickness immunity, AC +4, negative energy resistance 1, electricity
resistance, torment resistance 1, petrification resistance
a: no special abilities


You were on level 3 of the Dungeon.
You visited 1 branch of the dungeon, and saw 3 of its levels.

You collected 93 gold pieces.


Innate Abilities, Weirdness & Mutations

You are immune to sickness and miasma.
Your stone body is resilient. (AC +4)
You are immune to poison.
You resist negative energy. (rN+)
You are resistant to electric shocks. (rElec)
You are resistant to unholy torment.
You are immune to petrification.


   Skills:
 + Level 3.9 Fighting
 - Level 10.3 Ranged Weapons
 - Level 2.1 Armour
 - Level 1.5 Dodging
 - Level 1.1 Stealth


You had 5 spell levels left.
You didn't know any spells.
Your spell library was empty.

Inventory:

Hand Weapons
 Y - a +0 shortbow (weapon)
Armour
 a - a +0 ring mail (worn)
 g - a +1 helmet (worn)
Scrolls
 i - a scroll of identify
Potions
 b - a potion of might
 d - a potion of magic
 f - a potion of lignification
 h - a potion of cancellation

Dungeon Overview and Level Annotations

Branches:
Dungeon (3/15)

Altars:

Shops:
D:2 :


Message History

The gnoll closely misses you. The gnoll misses you.
You shoot an arrow. The arrow barely misses the gnoll.
The gnoll closely misses you. The gnoll hits you but does no damage.
You shoot an arrow. The arrow hits the gnoll.
The gnoll is heavily wounded.
The gnoll hits you but does no damage. The gnoll closely misses you.
You shoot an arrow. The arrow hits the gnoll.
The gnoll is severely wounded.
The gnoll hits you with a +0 club. x2
You shoot an arrow. The arrow closely misses the gnoll.
The gnoll hits you but does no damage. The gnoll barely misses you.
You shoot an arrow. The arrow barely misses the gnoll.
The gnoll hits you but does no damage. The gnoll barely misses you.
You shoot an arrow. The arrow hits the gnoll.
You kill the gnoll!
The gnoll hits you with a +0 club!
You shoot an arrow. The arrow hits the gnoll!
The gnoll is almost dead.
The gnoll hits you with a +0 flail. The gnoll hits you but does no damage.
You shoot an arrow. The arrow hits the gnoll.
You kill the gnoll!
The gnoll barely misses you.
You shoot an arrow. The arrow closely misses the gnoll.
The gnoll hits you with a +0 club.
You shoot an arrow. The arrow barely misses the gnoll.
A bat comes into view.
The gnoll hits you with a +0 club.
You shoot an arrow. The arrow hits the gnoll.
The gnoll is moderately wounded.
The bat misses you. The gnoll hits you with a +0 club.
You shoot an arrow. The arrow barely misses the gnoll.
The bat hits you but does no damage. The gnoll closely misses you.
You shoot an arrow. The arrow hits the gnoll.
The gnoll is severely wounded.
The bat closely misses you. The gnoll hits you but does no damage.
You shoot an arrow.
The arrow hits the gnoll but does no damage.
The gnoll is severely wounded.
The bat hits you but does no damage. The gnoll hits you with a +0 club.
You die...

#### ...#
##...# # >....+
.#.#.##...$###.
......)g.......
########@####
#....b......#
#.#########.#
#<......# #
#.#####.# #.#
#.# #.# #.# #.#
#.# #.#####.#


You could see a gnoll and a bat.

Vanquished Creatures
  Pargi (D:3)
  Jessica (D:2)
  Natasha (D:2)
  Robin (D:2)
  2 gnolls (D:3)
  4 adders (D:2)
  2 worms (D:2)
  3 dart slugs (D:2)
  3 endoplasms
  13 goblins
  4 hobgoblins
  4 quokkas
  2 ball pythons (D:1)
  6 bats
  5 frilled lizards (D:1)
  2 kobolds (D:2)
  6 rats
60 creatures vanquished.

Notes
Turn   | Place    | Note
-------+----------+-------------------------------------------
     0 | D:1      | qw the Gargoyle Hunter began the quest for the Orb.
     0 | D:1      | Reached XP level 1. HP: 12/12 MP: 1/1
     0 | D:1      | 0 ||| qw: Version: 0.2-a-29-gc1b59c4
     0 | D:1      | 0 ||| qw: Game counter: 4170
     0 | D:1      | 0 ||| qw: Always use a shield: true
     0 | D:1      | 0 ||| qw: God list: Okawaru
     0 | D:1      | 0 ||| qw: Allow faded altars: false
     0 | D:1      | 0 ||| qw: Do Orc after D:15 true
     0 | D:1      | 0 ||| qw: Do second Lair branch before Depths: true
     0 | D:1      | 0 ||| qw: Lair rune preference: random
     0 | D:1      | 0 ||| qw: Plans: Normal, Zot:1-4, Slime:5, God:TSO, Crypt,
                  | Tomb, Abyss, Pan, Hells, Win
     0 | D:1      | 0 ||| PLANNING D:1-11
   162 | D:1      | Reached XP level 2. HP: 17/17 MP: 2/2
   814 | D:1      | 814 ||| READING scroll labelled EHIRHU ERUMEDA.
   815 | D:1      | 815 ||| READING 3 scrolls labelled ROTUAM REKKI.
   816 | D:1      | 816 ||| READING scroll labelled VEUZY KUSULE.
   817 | D:1      | 817 ||| DRINKING 2 smoky silvery potions.
   818 | D:1      | 818 ||| READING 2 scrolls of identify.
   818 | D:1      | 818 ||| IDENTIFYING bubbling amethyst potion
   819 | D:1      | 819 ||| DRINKING potion of experience.
   819 | D:1      | Reached skill level 10 in Ranged Weapons
   819 | D:1      | Reached XP level 3. HP: 21/21 MP: 3/3
   820 | D:1      | 820 ||| DROPPING scroll of butterflies.
   846 | D:2      | Reached XP level 4. HP: 27/27 MP: 4/4
   919 | D:2      | Found Viorr's Vocational Training.
   935 | D:2      | Noticed Jessica
   939 | D:2      | Killed Jessica
   954 | D:2      | Reached skill level 3 in Fighting
  1109 | D:2      | Reached XP level 5. HP: 32/32 MP: 5/5
  1110 | D:2      | Noticed Robin
  1129 | D:2      | 1129 ||| Stepping ~*~*~tactically~*~*~ (outnumbered).
  1141 | D:2      | Killed Robin
  1348 | D:2      | Noticed Natasha
  1354 | D:2      | Killed Natasha
  1384 | D:2      | 1384 ||| UPGRADING to +0 ring mail.
  1394 | D:2      | 1394 ||| DROPPING +0 leather armour.
  1395 | D:2      | 1395 ||| UPGRADING to +1 helmet.
  1400 | D:2      | 1400 ||| READING scroll labelled MORAOKHLAOPN.
  1401 | D:2      | 1401 ||| DRINKING 2 puce potions.
  1425 | D:2      | 1425 ||| READING 3 scrolls of identify.
  1425 | D:2      | 1425 ||| IDENTIFYING inky potion
  1426 | D:2      | 1426 ||| READING 2 scrolls of identify.
  1426 | D:2      | 1426 ||| IDENTIFYING coppery potion
  1477 | D:3      | Noticed Pargi
  1492 | D:3      | Killed Pargi
  1493 | D:3      | Reached XP level 6. HP: 23/38 MP: 6/6
  1502 | D:3      | HP: 8/38 [gnoll/+0 club (4)]
  1504 | D:3      | HP: 1/38 [gnoll/+0 club (5)]
  1507 | D:3      | Slain by a gnoll

Levels and vault maps discovered:
D:1:      co_arrival_random_square_maze, layout_basic,
          minmay_misc_feat_nine_boxes
D:2:      layout_basic, nicolae_shop_vocational, uniq_natasha, uniq_robin,
          uniq_jessica
D:3:      layout_basic, uniq_pargi

Skill      XL: |  1  2  3  4  5 |
---------------+----------------+-----
Ranged Weapons | 10 | 10.3
Fighting       | 3 |  3.9
Armour         | 2 |  2.1
Dodging        | |  1.5
Stealth        | |  1.1

Action                     |  1- 3 |  4- 6 || total
---------------------------+-------+-------++-------
   Fire: Shortbow          |    70 |   135 ||   205
    Use: Scroll            |     4 |     3 ||     7
         Potion            |     2 |     1 ||     3
 Armour: Leather armour    |    11 |    13 ||    24
         Ring mail         |       |    16 ||    16
  Dodge: Dodged            |    19 |    49 ||    68

Table legend:
 A = Non-vault XP
 B = Vault XP
 C = Vault XP percentage of total XP
 D = Non-vault monster count
 E = Vault monster count
 F = Vault count percentage of total count
                 A         B        C        D         E       F
            +---------+---------+-------+---------+---------+-------
      Total |     150 |     238 |  61.3 |      44 |      16 |  26.7
            +---------+---------+-------+---------+---------+-------
        D:1 |      24 |       0 |   0.0 |      18 |       0 |   0.0
        D:2 |      97 |     110 |  53.1 |      24 |      15 |  38.5
        D:3 |      29 |     128 |  81.5 |       2 |       1 |  33.3
            +---------+---------+-------+---------+---------+-------
